 Dungeon Crawl Stone Soup version 0.31.0-9-g3a7656b989 (webtiles) character file.

Game seed: 5011981907676065826

75 GreatBamboolord the Chiller (level 4, -5/35 HPs)
             Began as a Draconian Ice Elementalist on Jan 27, 2024.
             Killed by divine providence
             ... invoked by an orc priest
              (13 damage)
             ... on level 1 of the Dungeon.
             The game lasted 00:02:42 (1390 turns).

GreatBamboolord the Chiller (DrIE)                  Turns: 1390, Time: 00:02:43

Health: -5/35      AC:  5    Str: 11    XL:     4   Next: 11%
Magic:  4/8        EV: 12    Int: 17    God:
Gold:   58         SH:  0    Dex: 11    Spells: 4/8 levels left

rFire   . . .        c - +0 dagger
rCold   . . .        (no shield)
rNeg    . . .        (body armour unavailable)
rPois   .            (helmet restricted)
rElec   .            (no cloak)
rCorr   .            (no gloves)
SInv    .            (no boots)
Will    .....        (no amulet)
Stlth   ++           (no ring)
HPRegen 0.25/turn    (no ring)
MPRegen 0.11/turn

%: no passive effects
@: very slightly contaminated
A: AC +5, unfitting armour, cold-blooded
a: no special abilities


You were on level 1 of the Dungeon.
You visited 1 branch of the dungeon, and saw 2 of its levels.

You collected 58 gold pieces.

Inventory:

Hand Weapons
 c - a +0 dagger (weapon)
Scrolls
 b - a scroll of identify {unknown}
 d - a scroll of noise {unknown}
 e - a scroll of butterflies {unknown}
Potions
 a - a potion of magic


   Skills:
 + Level 1.4 Fighting
 + Level 2.2 Dodging
 + Level 2.2 Stealth
 * Level 2.7 Spellcasting
 * Level 4.4 Ice Magic


You had 4 spell levels left.
You knew the following spells:

 Your Spells              Type           Power      Damage    Failure   Level
a - Freeze                Ice            68%        1d8       3%          1
b - Frozen Ramparts       Ice            34%        1d6       9%          3

Your spell library contained the following spells:

 Spells                   Type           Power      Damage    Failure   Level
 Ozocubu's Armour         Ice            17%        N/A       9%          3
 Summon Ice Beast         Ice/Summ       9%         N/A       22%         3
 Leda's Liquefaction      Alch/Erth      1%         N/A       87%         4
 Lee's Rapid Deconstruct  Erth           1%         3d4*      99%         5
 Bombard                  Conj/Erth      1%         9d1       100%        6


Dungeon Overview and Level Annotations

Branches:
Dungeon (2/15)

Altars:


Innate Abilities, Weirdness & Mutations

Your plain brown scales are hard. (AC +5)
You cannot fit into any form of body armour.
You are cold-blooded and may be slowed by cold attacks.


Message History

An orc priest is nearby!
An orc priest is nearby!
Found 7 stones.
An orc wizard comes into view. It is wielding a +0 dagger.
The orc wizard shouts!
An orc comes into view. It is wielding a +0 flail.
An orc comes into view.
It is wielding a +0 falchion and wearing a +2 leather armour of cold resistance.
The orc priest begins to cast a cantrip, but forgets the words!
The orc wizard points at you and mumbles some strange words.
The puff of flame hits you.
There is a stone staircase leading up here.
The orc priest begins to cast a cantrip, but forgets the words!
There is a stone staircase leading up here.
There is a stone staircase leading up here.
There is a stone staircase leading up here.
The orc priest hits you with a +0 hand axe.
You climb upwards.
There is a stone staircase leading down here.
You miscast Freeze.
You are very lightly contaminated with residual magic.
Nothing appears to happen.
The orc priest invokes the aid of Beogh against you.
Beogh smites you!
You freeze the orc priest.
The orc priest is moderately wounded.
The orc priest hits you but does no damage.
You freeze the orc priest.
The orc priest is severely wounded.
The orc priest calls down the wrath of Beogh upon you.
Beogh smites you!
* * * LOW HITPOINT WARNING * * *
You are too injured to fight recklessly!
Aiming: Freeze (safe; 3% risk of failure)
Press: ? - help, Q - select action, (/) - cycle Shift-Dir - straight line, f/p - orc priest
Aim: an orc priest, wielding a +0 hand axe and wearing a +0 leather armour (severely wounded)
You freeze the orc priest.
The orc priest is almost dead.
The orc priest calls down the wrath of Beogh upon you.
Beogh smites you!
You die...

# #.#..#...#...#............##
######...###.....###.#.##........
.[......## ##._.## ######.####.##
########.###.....###...........#
#..#...#...#..###..####.#
#.....###...........###.#
###.#..## ##..#.##.#.#.##.#
######..###..###..###..........#
.........#....##@o.####.#.#.####
###.........#######.........#####
#.#...)......#.................
#.#..)>).###.#...####.###.#####
###......)..##.#...# #.# #.# #
#...#..#...........# #.# #.# #
..........#.##.##..# #.# #.#
#.#.#..####.##.##..# #.###.#####
#.#.#..####.##.##..# #..........


You could see an orc priest.

Vanquished Creatures
  An orc priest (D:1)
  A dart slug (D:1)
  4 orcs
  4 bats (D:1)
  5 endoplasms (D:1)
  3 giant cockroaches (D:1)
  2 goblins (D:1)
  4 hobgoblins (D:1)
  A quokka (D:1)
  4 ball pythons (D:1)
  4 frilled lizards (D:1)
  A kobold (D:1)
  3 rats (D:1)
37 creatures vanquished.

Notes
Turn   | Place    | Note
-------+----------+-------------------------------------------
     0 | D:1      | GreatBamboolord the Draconian Ice Elementalist began the
                  | quest for the Orb.
     0 | D:1      | Reached XP level 1. HP: 14/14 MP: 3/3
   201 | D:1      | Reached XP level 2. HP: 12/22 MP: 0/5
   276 | D:1      | Found a faded altar of an unknown god.
   630 | D:1      | Reached skill level 1 in Fighting
   721 | D:1      | Reached XP level 3. HP: 21/28 MP: 3/6
   837 | D:1      | Learned a level 3 spell: Frozen Ramparts
  1225 | D:1      | Reached XP level 4. HP: 10/35 MP: 3/8
  1390 | D:1      | Killed from afar by an orc priest

Illustrated notes

Levels and vault maps discovered:
D:1:      eino_arrival_tree_alley, layout_loops_ring,
          nicolae_ecumenical_snake_handling
D:2:      layout_rooms, pf_guarded_unrand_woodcutter

Skill      XL: |  1  2 |
---------------+-------+-----
Dodging        | 2 |  2.2
Stealth        | 2 |  2.2
Fighting       | 1 |  1.4
Spellcasting   | |  2.7
Ice Magic      | |  4.4

Action                     |  1- 3 |  4- 6 || total
---------------------------+-------+-------++-------
  Melee: Unarmed           |    22 |       ||    22
         Dagger            |    18 |       ||    18
         Tailslap          |     1 |       ||     1
   Cast: Freeze            |    49 |    10 ||    59
   Stab: Sleeping          |     3 |       ||     3
 Armour: Skin              |    50 |     6 ||    56
  Dodge: Dodged            |    54 |     3 ||    57
